Description

Testing new build

Build Order

Get SALT Encoding   

  12  0:00  Drone  
  13  0:12  Overlord  
  13  0:16  Drone  
  14  0:30  Drone x3  
  17  0:52  Hatchery  
  17  0:54  Drone x2  
  17  1:02  Extractor  
  17  1:13  Spawning Pool  
  17  1:17  Drone x2  
  18  1:28  Drone  
  19  1:38  Overlord  
  19  2:00  Queen x2, Zergling x4  
  23  2:02  Metabolic Boost  
  25  2:10  Overlord  
  29  2:36  Queen  
  35  2:51  Pneumatized Carapace  
  37  3:05  Overlord  
  37  3:12  Zergling x2  
  41  3:17  Overlord  
  42  3:20  Queen  
  48  3:40  Hatchery  
  47  3:44  Queen x2  
  49  4:02  Zergling x14  
  58  4:09  Evolution Chamber x2  
  57  4:20  Queen x2  
  60  4:37  Zerg Ground Armor Level 1  
  62  4:51  Queen x2  
  77  5:33  Zerg Missile Weapons Level 1  
  81  5:45  Lair  
  82  5:53  Extractor  
  82  5:56  Roach Warren  
  102  6:44  Zerg Ground Armor Level 2  
  100  7:07  Glial Reconstitution  
  103  7:08  Extractor x4  
  103  7:23  Hatchery  
  102  7:30  Infestation Pit  
  105  7:53  Roach x4  
  113  8:00  Roach x5  
  113  8:05  Zerg Missile Weapons Level 2  
  121  8:24  Roach  
  129  8:32  Ravager x3  
  153  9:06  Infestor x3, Extractor x2  
  174  9:41  Hive  
  174  9:44  Ravager x3  
  187  9:57  Ravager x4  
Spawning Tool Build Advisor. Get it on Overwolf

Go to:

Details

  • Created by: crisperrgk
  • Published on: Feb 26, 2017
  • Modified on: Feb 26, 2017
  • Patch: 3.8.0
Show
View Real Time Build Order
Export as new Build Order

Comments (0)

There are no comments. Be the first!

Create an account to comment!